 Dungeon Sprint DCSS version 0.26.1-11-gd32895ea62 (webtiles) character file.

Game seed: 2188571835006766131

109 Zeld the Shield-Bearer (level 4, -9/45 HPs)
             Began as a Deep Dwarf Fighter on June 15, 2021.
             Was an Initiate of Makhleb.
             Mangled by a shadow (32 damage)
             ... in the Dungeon (Sprint III: "The Ten Rune Challenge").
             The game lasted 00:00:53 (697 turns).

Zeld the Shield-Bearer (Deep Dwarf Fighter)          Turns: 697, Time: 00:00:54

Health: -9/45      AC:  4    Str: 21    XL:     4   Next: 60%
Magic:  2/2        EV: 10    Int:  8    God:    Makhleb [......]
Gold:   9          SH: 10    Dex: 12    Spells: 3/3 levels left

rFire    . . .     SeeInvis .   a - +0 war axe
rCold    . . .     Faith    .   c - +0 kite shield
rNeg     . . .     Spirit   .   b - +0 scale mail
rPois    .         Reflect  .   (no helmet)
rElec    .         Harm     .   l - +0 cloak
rCorr    .         Rampage  .   (no gloves)
Will     .....     NoTele   +   (no boots)
Stlth    ..........             (no amulet)
HPRegen  0.00/turn              (no ring)
MPRegen  0.08/turn              (no ring)

@: mighty, corroded, non-regenerating
A: damage resistance, heal wounds, sense surroundings 1, no regeneration
a: Heal Wounds, Renounce Religion


You were in the Dungeon.
You worshipped Makhleb.
Makhleb was noncommittal.
You visited 1 branch You collected 9 gold pieces.

Inventory:

Hand Weapons
 a - a +0 war axe (weapon)
Armour
 b - a +0 scale mail (worn)
 c - a +0 kite shield (worn)
 l - a +0 cloak (worn)
Scrolls
 j - a scroll of blinking
 n - a scroll of torment {unknown}
 o - 2 scrolls of remove curse
 p - a scroll of immolation {unknown}
 r - a scroll of holy word {unknown}
 s - a scroll of identify {unknown}
Potions
 d - a potion of might
 e - a potion of curing
 f - a potion of heal wounds
 g - a potion of haste
 h - 2 potions of magic
 k - a potion of resistance {unknown}
 m - 3 potions of mutation {unknown}
 q - a potion of invisibility {unknown}
 t - a potion of flight {unknown}


   Skills:
 + Level 4.3 Fighting
 * Level 6.1 Axes
 - Level 3.2 Armour
 + Level 3.7 Dodging
 * Level 6.7 Shields


You had 3 spell levels left.
You didn't know any spells.
Your spell library was empty.

Dungeon Overview and Level Annotations

Branches:
Dungeon (1/1)

Altars:
Cheibriados
Fedhas
Gozag
Hepliaklqana
Makhleb
Nemelex Xobeh
Qazlal
Xom
Jiyva
Lugonu


Innate Abilities, Weirdness & Mutations

You are resistant to damage.
You can heal yourself by infusing magical energy.
You passively map a small area around you.
You do not regenerate.


Message History

Deactivating autopickup; reactivate with Ctrl-A.
Found a blossoming altar of Fedhas and a stormy altar of Qazlal.
A spatial vortex comes into view.
Found a lightning rod (4/4).
Found eight altars.
There is an open door here.
There is a blossoming altar of Fedhas here.
There is a stormy altar of Qazlal here.
The jelly hits you but does no damage.
There is a burning altar of Makhleb here.
You kneel at the altar of Makhleb.
Makhleb welcomes you! The jelly hits you. The acid corrodes you!
You are splashed with acid!
The shadow strikes at you from the darkness!
Unknown command.
Press < or > to pray at altars.
You feel very mighty all of a sudden. You block the jelly's attack.
The shadow strikes at you from the darkness!
Ouch! That really hurt!
You die...

......♣ ♣..#, * _, _ ,
....≈♣♣♣♣♣.###+#+###+##,
,
.).≈≈.♣♣.♣.#..........#
,
..≈≈≈≈.♣...'.⌠........#
,
..≈≈≈≈≈≈...#...######'#
*
.≈≈≈≈≈≈....#.⌠.#_v#...#
*
.≈≈≈≈≈.....#...#__#...#
,
.≈≈≈.......#+###__#...#
...........#, #@{#...+
,* .÷.........#
#_J'...#, ▓▓▓▓▓▓▓▓▓▓▓▓
▓▓▓▓▓▓▓▓ * * ≈ *,, * ≈,
≈≈≈ ≈≈ + * ≈ ≈≈ ,, ≈ *
** ≈ * * * ≈ ≈ * * * *
,*


You could see a spatial vortex and a jelly.

Vanquished Creatures
  A water elemental (D)
  Crazy Yiuf (D)
  A human (D)
  An ooze (D)
  3 rats (D)
7 creatures vanquished.

Notes
Turn   | Place    | Note
-------+----------+-------------------------------------------
     0 | D        | Zeld the Deep Dwarf Fighter began the quest for the Orb.
     0 | D        | Reached XP level 1. HP: 20/20 MP: 1/1
     8 | D        | Reached skill level 1 in Dodging
   121 | D        | Reached XP level 2. HP: 28/28 MP: 1/1
   165 | D        | Noticed Crazy Yiuf
   172 | D        | Killed Crazy Yiuf
   173 | D        | Reached skill level 5 in Axes
   173 | D        | Reached skill level 5 in Shields
   173 | D        | Reached XP level 3. HP: 14/36 MP: 2/2
   381 | D        | Noticed a water elemental
   386 | D        | Killed a water elemental
   387 | D        | Reached XP level 4. HP: 45/45 MP: 2/2
   686 | D        | Noticed a shadow
   691 | D        | Found a blossoming altar of Fedhas.
   691 | D        | Found a stormy altar of Qazlal.
   692 | D        | Found a snail-covered altar of Cheibriados.
   692 | D        | Found a burning altar of Makhleb.
   692 | D        | Found a hazy altar of Hepliaklqana.
   692 | D        | Found a shimmering altar of Xom.
   692 | D        | Found an opulent altar of Gozag.
   692 | D        | Found a sparkling altar of Nemelex Xobeh.
   692 | D        | Found a corrupted altar of Lugonu.
   692 | D        | Found a viscous altar of Jiyva.
   692 | D        | Noticed a spatial vortex
   696 | D        | Became a worshipper of Makhleb the Destroyer
   697 | D        | Mangled by a shadow

Illustrated notes

Levels and vault maps discovered:
D:        dungeon_sprint_mu [sprint_mu_entry_forest, sprint_mu_temple_rooms,
          sprint_mu_d1_spiders, sprint_mu_d2_genie, sprint_mu_d3_branching,
          sprint_mu_orc_legion, sprint_mu_elf_gauntlet, sprint_mu_hive_nellie,
          sprint_mu_lair_fedhas, sprint_mu_vaults_butterflies,
          sprint_mu_slime_circle, sprint_mu_swamp_cave, sprint_mu_snake_twists,
          sprint_mu_blade_basic, sprint_mu_crypt_lich, sprint_mu_tomb_spiral,
          sprint_mu_vestibule_basic, sprint_mu_gehenna_hellfire,
          sprint_mu_dis_giant, sprint_mu_tartarus_statrot,
          sprint_mu_cocytus_islands, sprint_mu_zot1]

Skill      XL: |  1  2  3 |
---------------+----------+-----
Fighting       | 3 4 |  4.3
Axes           | 4 5 6 |  6.1
Dodging        | 2 3 |  3.7
Shields        | 4 5 6 |  6.7
Armour         | |  3.2

Action                   |  1- 3 |  4- 6 || total
-------------------------+-------+-------++-------
Melee: War axe           |    31 |       ||    31
 Abil: Heal Wounds       |     4 |     1 ||     5
  Use: Potion            |     1 |     1 ||     2
       Scroll            |     1 |       ||     1
 Stab: Invisible         |     1 |       ||     1
Armor: Scale mail        |     9 |     2 ||    11
Dodge: Dodged            |     6 |       ||     6
Block: Kite shield       |    15 |     3 ||    18
